 Dungeon Crawl Stone Soup version 0.23.0 (webtiles) character file.

Game seed: 5954147197204787126

216 Peloso the Slasher (level 5, -6/47 HPs)
             Began as a Minotaur Fighter on Feb 9, 2019.
             Mangled by a wight
             ... wielding a cursed +1 halberd
              (8 damage)
             ... on level 3 of the Dungeon.
             The game lasted 00:04:52 (2222 turns).

Peloso the Slasher (Minotaur Fighter)               Turns: 2222, Time: 00:04:52

Health: -6/47      AC:  7    Str: 26    XL:     5   Next: 61%
Magic:  0/4        EV:  8    Int:  5    God:
Gold:   151        SH: 10    Dex: 10    Spells: 4/4 levels left

rFire    . . .     SeeInvis .   a - +0 long sword
rCold    . . .     Gourm    .   c - +0 shield
rNeg     . . .     Faith    .   b - +0 scale mail
rPois    .         Spirit   +   (helmet restricted)
rElec    .         Reflect  .   (no cloak)
rCorr    .         Harm     .   (no gloves)
MR       .....                  (no boots)
Stlth    ..........             p - amulet of guardian spirit
HPRegen  0.15/turn              (no ring)
MPRegen  0.09/turn              (no ring)

@: mighty, lightly drained
A: retaliatory headbutt, horns 2
a: no special abilities


You were on level 3 of the Dungeon.
You were not hungry.

You visited 1 branch of the dungeon, and saw 3 of its levels.

You collected 151 gold pieces.

Inventory:

Hand Weapons
 a - a +0 long sword (weapon)
Armour
 b - a +0 scale mail (worn)
 c - a +0 shield (worn)
Jewellery
 p - an amulet of guardian spirit (around neck)
 q - an uncursed amulet of faith {unknown}
Scrolls
 e - 3 scrolls of identify {unknown}
 g - a scroll of blinking {unknown}
 j - a scroll of teleportation {unknown}
 k - a scroll of amnesia {unknown}
Potions
 h - a potion of brilliance {unknown}
 i - a potion of degeneration {unknown}
 l - a potion of curing
 m - a potion of mutation {unknown}
 n - 2 potions of heal wounds {unknown}
Comestibles
 f - 2 rations


   Skills:
 + Level 4.7(4.2) Fighting
 + Level 4.9(4.3) Long Blades
 + Level 4.7(4.2) Armour
 + Level 1.0(0.5) Dodging
 + Level 4.3(3.8) Shields


You had 4 spell levels left.
You didn't know any spells.
Your spell library was empty.

Dungeon Overview and Level Annotations

Branches:
Dungeon (3/15)

Altars:
Makhleb

Annotations:
D:3 2 transporters, wont's ghost, amateur DsFE


Innate Abilities, Weirdness & Mutations

You reflexively headbutt those who attack you in melee.
You have a pair of horns on your head.


Message History

You hit the wight.
The wight is moderately damaged.
You block the wight's attack.
Unknown command.
You hit the wight.
The wight is moderately damaged.
The wight hits you from afar with a cursed +1 halberd!
* * * LOW HITPOINT WARNING * * *
You feel drained.
* * * LOW HITPOINT WARNING * * *
The wight closely misses you.
You riposte.
You hit the wight.
The wight is heavily damaged.
You hit the wight.
The wight is severely damaged.
You block the wight's attack. The wight hits you but does no damage.
Unknown command.
Your shield prevents you from hitting the wight.
The wight is severely damaged.
The wight hits you from afar with a cursed +1 halberd!
You die...

#..# #..o. #.# #.# #...
#.#o# #.# .. #... #.#.#
###.#####. ##...###.#.#
#......... #....††#z#)#
#....÷.†.#
#......#z#.#####........#
#.....^zzoo...####.######
#......#z#......##.#
##...###@######.##.# #...
#.######.##.###### #...
.................. ##..
##.######.##.###### #.
#.# ###....)(.... .!.
..####(###### ###
#.#.##.# #.#.##.#####
.### #.#........#


You could see 5 wights and an orc.

Vanquished Creatures
  A quasit (D:3)
  A hound (D:2)
  2 orc wizards (D:3)
  An adder (D:3)
  2 oozes (D:2)
  3 worms
  4 dart slugs (D:1)
  7 orcs (D:3)
  4 giant cockroaches
  8 goblins
  7 hobgoblins
  3 jackals (D:3)
  A quokka (D:2)
  4 bats
  3 frilled lizards
  8 kobolds
  9 rats
68 creatures vanquished.

Notes
Turn   | Place    | Note
-------+----------+-------------------------------------------
     0 | D:1      | Peloso the Minotaur Fighter began the quest for the Orb.
     0 | D:1      | Reached XP level 1. HP: 19/19 MP: 0/0
   126 | D:1      | Reached XP level 2. HP: 25/27 MP: 1/1
   505 | D:1      | Reached XP level 3. HP: 29/33 MP: 2/2
  1474 | D:2      | Found a burning altar of Makhleb.
  1480 | D:2      | Reached XP level 4. HP: 37/40 MP: 3/3
  1736 | D:3      | Found a transporter.
  1737 | D:3      | Noticed wont's ghost (amateur DsFE)
  1907 | D:3      | Found a transporter.
  1976 | D:3      | Reached XP level 5. HP: 39/47 MP: 4/4
  2216 | D:3      | Reached skill level 1 in Dodging
  2220 | D:3      | HP: 2/47 [wight/cursed +1 halberd (6)]
  2222 | D:3      | Mangled by a wight

Skill      XL: |  1  2  3  4  5 |
---------------+----------------+-----
Armour         | 4 |  4.7
Fighting       | 4 |  4.7
Long Blades    | 3 4 |  4.9
Shields        | 4 |  4.3
Dodging        | 1 |  1.0

Action                   |  1- 3 |  4- 6 || total
-------------------------+-------+-------++-------
Melee: Long sword        |    89 |    74 ||   163
       Headbutt          |    12 |     7 ||    19
  Use: Potion            |       |     2 ||     2
  Eat: Chunk             |     2 |     2 ||     4
Armor: Scale mail        |    31 |    54 ||    85
Dodge: Dodged            |    25 |    40 ||    65
Block: Shield            |    37 |    56 ||    93
       Rpst.: Long sword |     5 |    10 ||    15
